 Dungeon Crawl Stone Soup version 0.26-a0-18-g135ff06667 (webtiles) character file.

Game seed: 9891290757979150482, levelgen mode: deterministic

43 Essalna the Chiller (level 3, -2/20 HPs)
             Began as a Deep Elf Ice Elementalist on May 25, 2020.
             Slain by a worm (10 damage)
             ... on level 2 of the Dungeon.
             The game lasted 00:03:19 (1452 turns).

Essalna the Chiller (Deep Elf Ice Elementalist)     Turns: 1452, Time: 00:03:20

Health: -2/20      AC:  5    Str:  5    XL:     3   Next: 37%
Magic:  3/10       EV: 13    Int: 20    God:
Gold:   86         SH:  0    Dex: 15    Spells: 8/9 levels left

rFire    . . .     SeeInvis .   f - +0 dagger
rCold    . . .     Gourm    .   (no shield)
rNeg     . . .     Faith    .   a - +0 robe
rPois    .         Spirit   .   h - +2 helmet
rElec    .         Reflect  .   (no cloak)
rCorr    .         Harm     .   (no gloves)
MR       .....                  (no boots)
Stlth    ++........             (no amulet)
HPRegen  0.06/turn              (no ring)
MPRegen  0.12/turn              (no ring)

@: no status effects
A: no striking features
a: no special abilities


You were on level 2 of the Dungeon.
You were not hungry.

You visited 1 branch of the dungeon, and saw 2 of its levels.

You collected 86 gold pieces.

Inventory:

Hand Weapons
 f - a +0 dagger (weapon)
Armour
 a - a +0 robe (worn)
 h - a +2 helmet (worn)
Scrolls
 b - 2 scrolls of remove curse {unknown}
 j - a scroll of blinking {unknown}
 m - a scroll of amnesia {unknown}
Potions
 d - a potion of brilliance {unknown}
 e - a potion of heal wounds {unknown}
 g - a potion of cancellation {unknown}
 i - a potion of lignification {unknown}
 k - a potion of flight {unknown}
Comestibles
 c - 5 rations
 l - a chunk of flesh


   Skills:
 + Level 1.2 Fighting
 - Level 2.4 Dodging
 - Level 2.4 Stealth
 + Level 3.9 Spellcasting
 + Level 4.9 Ice Magic


You had 8 spell levels left.
You knew the following spells:

 Your Spells              Type           Power        Failure   Level  Hunger
a - Freeze                Ice            ###.         1%          1    None

Your spell library contained the following spells:

 Spells                   Type           Power        Failure   Level  Hunger
 Frozen Ramparts          Ice            ###...       5%          3    ###....
 Ozocubu's Armour         Chrm/Ice       ##......     14%         3    ###....
 Hailstorm                Conj/Ice       ##......     43%         4    ####...
 Summon Ice Beast         Ice/Summ       ##......     43%         4    ####...


Dungeon Overview and Level Annotations

Branches:
Dungeon (2/15)

Altars:
Kikubaaqudgha


Message History

You freeze the worm.
The worm is lightly wounded.
Casting: Freeze (safe; 1% risk of failure)
Confirm with . or Enter, or press ? or * to list all spells.
Aiming: Freeze (safe; 1% risk of failure)
Press: ? - help, Shift-Dir - straight line, f/p - worm
Aim: a worm (lightly wounded)
You freeze the worm.
The worm is lightly wounded.
The worm bites you.
Casting: Freeze (safe; 1% risk of failure)
Confirm with . or Enter, or press ? or * to list all spells.
Aiming: Freeze (safe; 1% risk of failure)
Press: ? - help, Shift-Dir - straight line, f/p - worm
Aim: a worm (lightly wounded)
You freeze the worm!
The worm is heavily wounded.
The worm bites you!
Ouch! That really hurt!
You die...

#.#.......#
#.#.#######
##.#.#
#####....#
#.....#..#
###.###.[..#
........#.#
######.######.#
.......@)..##.#
######w###(##.#
.(...#.##.#
<...........#
#............#
...........†..#
.#...........##
#...........#
......#.###


You could see a worm.

Vanquished Creatures
  An adder (D:2)
  A worm (D:2)
  5 goblins
  6 hobgoblins
  2 jackals (D:2)
  5 kobolds
  A quokka (D:2)
  2 bats
  2 frilled lizards
  3 rats
28 creatures vanquished.

Notes
Turn   | Place    | Note
-------+----------+-------------------------------------------
     0 | D:1      | Essalna the Deep Elf Ice Elementalist began the quest for
                  | the Orb.
     0 | D:1      | Reached XP level 1. HP: 10/10 MP: 6/6
   713 | D:1      | Reached XP level 2. HP: 16/16 MP: 5/8
  1110 | D:2      | Found an ancient bone altar of Kikubaaqudgha.
  1201 | D:2      | Reached skill level 1 in Fighting
  1381 | D:2      | Reached XP level 3. HP: 20/20 MP: 8/10
  1452 | D:2      | Slain by a worm

Illustrated notes

Levels and vault maps discovered:
D:1:      ebering_trefoil_3fold, layout_loops_corners
D:2:      layout_loops_ring, nicolae_overflow_crystal_walls, due_unseen_surprise

Skill      XL: |  1  2 |
---------------+-------+-----
Fighting       | 1 |  1.2
Dodging        | |  2.4
Stealth        | |  2.4
Spellcasting   | |  3.9
Ice Magic      | |  4.9

Action                   || total
-------------------------++-------
Melee: Dagger            ||    10
 Cast: Freeze            ||    42
 Stab: Sleeping          ||     2
  Eat: Chunk             ||     1
Armor: Robe              ||    16
Dodge: Dodged            ||    29

Table legend:
 A = Non-vault XP
 B = Vault XP
 C = Vault XP percentage of total XP
 D = Non-vault monster count
 E = Vault monster count
 F = Vault count percentage of total count
                 A         B        C        D         E       F
            +---------+---------+-------+---------+---------+-------
      Total |      62 |       0 |   0.0 |      28 |       0 |   0.0
            +---------+---------+-------+---------+---------+-------
        D:1 |      15 |       0 |   0.0 |      10 |       0 |   0.0
        D:2 |      47 |       0 |   0.0 |      18 |       0 |   0.0
            +---------+---------+-------+---------+---------+-------
